 Dungeon Crawl Stone Soup version 0.29.0-4-gdea44cf6ec (webtiles) character file.

Game seed: 15598076333901905162

26182 qw the Brawler (level 12, -5/119 HPs)
             Began as a Troll Cinder Acolyte on Sept 2, 2022.
             Was an Initiate of Ignis.
             Slain by a basilisk (9 damage)
             ... on level 5 of the Lair of Beasts.
             The game lasted 00:05:58 (12337 turns).

qw the Brawler (Troll Cinder Acolyte)              Turns: 12337, Time: 00:05:59

Health: -5/119     AC:  9    Str: 35    XL:     12   Next: 96%
Magic:  12/12      EV: 10    Int: 10    God:    Ignis [......]
Gold:   918        SH:  0    Dex: 11    Spells: 13/13 levels left

rFire   + . .      SeeInvis .     - Unarmed
rCold   . . .      Faith    .   (no shield)
rNeg    . . .      Spirit   .   s - +0 steam dragon scales
rPois   .          Reflect  .   i - +2 hat
rElec   .          Harm     .   (no cloak)
rCorr   .          Rampage  .   (gloves unavailable)
Will    .....                   (boots unavailable)
Stlth   +.........              h - amulet of the acrobat
HPRegen 1.09/turn               e - +6 ring of strength
MPRegen 0.13/turn               r - +6 ring of dexterity

@: about to teleport
A: large, unfitting armour, claws 3, regeneration 1, shaggy fur 1, tough skin 1
a: Renounce Religion, Rising Flame


You were on level 5 of the Lair of Beasts.
You worshipped Ignis.
Ignis was noncommittal.
You visited 3 branches of the dungeon, and saw 14 of its levels.
You also visited: Sewer and Ossuary.

You collected 918 gold pieces.


Innate Abilities, Weirdness & Mutations

You are too large for most types of armour.
You have claws for hands.
Your natural rate of healing is unusually fast.
You are covered in fur. (AC +1)
You have tough skin. (AC +1)


   Skills:
 - Level 8.0 Fighting
 - Level 4.0 Throwing
 - Level 2.0 Armour
 - Level 4.1 Dodging
 + Level 18.5 Unarmed Combat
 - Level 1.0 Spellcasting
 - Level 2.1 Fire Magic


You had 13 spell levels left.
You didn't know any spells.
Your spell library contained the following spells:

 Spells                   Type           Power      Damage    Failure   Level
 Scorch                   Fire           8%         2d5       22%         2

Inventory:

Missiles
 o - 7 boomerangs (quivered)
Armour
 i - a +2 hat (worn)
 s - +0 steam dragon scales (worn)
Jewellery
 e - a +6 ring of strength (left claw)
 h - an amulet of the acrobat (around neck)
 r - a +6 ring of dexterity (right claw)
Scrolls
 d - 2 scrolls of teleportation
 k - 3 scrolls of identify
 t - 2 scrolls of enchant weapon
Potions
 c - a potion of haste
 f - 2 potions of resistance
 j - 3 potions of might
 l - 7 potions of curing

Dungeon Overview and Level Annotations

Branches:
Dungeon (8/15)             Temple (1/1) D:7            Lair (5/5) D:8
 Shoals (0/4) Lair:3       Spider (0/4) Lair:3        Slime (0/5) Lair:4
  Sewer (visited)         Ossuary (visited)

Altars:
Ashenzari
Cheibriados
Elyvilon
Fedhas
Gozag
Hepliaklqana
Kikubaaqudgha
Makhleb
Nemelex Xobeh
Qazlal
Ru
Sif Muna
Trog
Uskayaw
Vehumet
Xom
Yredelemnul
Zin
Jiyva

Shops:
D:7 [

Annotations:
D:2 1 runed translucent door, Crazy Yiuf
Lair:5 qw's ghost, journeyman TrCA


Message History

You scratch the basilisk.
The basilisk is lightly wounded.
A blink frog comes into view.
The small abomination hits you!
The small abomination closely misses you.
The blink frog hits you.
A blink frog comes into view.
The basilisk gazes at you.
You are slowing down.
12334 ||| DRINKING potion of cancellation.
You feel limber!
You feel magically purged.
The blink frog gives a loud, deep croak!
The blink frog croaks.
The small abomination hits you! x2
The blink frog hits you but does no damage.
The small abomination hits you but does no damage.
The blink frog blinks!
The small abomination closely misses you.
The basilisk bites you! The small abomination hits you!
The blink frog blinks!
You barely miss the basilisk.
The basilisk is lightly wounded.
The small abomination barely misses you.
A small abomination comes into view.
The blink frog hits you. The basilisk barely misses you.
The small abomination hits you but does no damage.
12336 ||| READING 3 scrolls of teleportation.
As you read the scroll of teleportation, it crumbles to dust.
You feel strangely unstable.
The small abomination closely misses you.
The blink frog barely misses you. The small abomination hits you.
A spriggan comes into view.
The small abomination hits you!
The basilisk bites you but does no damage.
The small abomination barely misses you.
12337 ||| DRINKING potion of heal wounds.
You feel much better.
A small abomination comes into view.
The small abomination hits you! x3; The basilisk bites you!
You die...

. 777.x
7..F..
777...xi.
7777FxF.7
7..x@Fx7
7.....lx777
7......77
.....77
...77


77 You could see a basilisk, 4 blink frogs, 6 small abominations and a spriggan
(wandering).

Vanquished Creatures
  Snorg (Lair:3)
  A boulder beetle (Lair:4)
  4 hydras (Lair:2)
  A death yak (Lair:5)
  Pikel (D:5)
  5 black mambas
  2 merfolk sirens (Lair:3)
  Joseph (Lair:1)
  Maggie (D:7)
  A smoke demon (Lair:5)
  11 cane toads
  5 rime drakes (Lair:4)
  7 komodo dragons
  2 merfolk (Lair:3)
  Prince Ribbit (D:7)
  6 blink frogs
  3 slime creatures (Lair:4)
  3 wyverns
  4 basilisks
  28 yaks
  A redback (Lair:3)
  10 water moccasins
  A swamp drake (D:8)
  2 orc warriors
  3 black bears
  5 wolves (Lair:1)
  2 centaurs
  A kobold brigand (D:8)
  2 lemures (D:5)
  2 phantoms
  7 bullfrogs
  An elf zombie (Ossuary)
  A necrophage (D:4)
  4 scorpions
  11 wights
  A howler monkey (D:5)
  A small abomination (Lair:5)
  2 gnoll boudas
  An orc priest (D:6)
  2 hounds
  2 iguanas (D:4)
  Terence (D:3)
  Jessica (D:2)
  5 orc wizards
  Natasha (thrice) (D:3)
  11 hell rats
  4 mummies (Ossuary)
  11 gnolls
  4 adders
  4 river rats
  A white imp (D:6)
  An adder zombie (Ossuary)
  4 worms
  A dart slug (D:4)
  18 orcs
  3 ball pythons
  7 bats
  4 endoplasms
  5 giant cockroaches
  6 goblins
  3 hobgoblins
  6 jackals (D:2)
  4 kobolds (D:8)
  2 quokkas (D:1)
  4 frilled lizards
  A goblin zombie (Ossuary)
  2 jackal zombies (Ossuary)
  5 kobold zombies (Ossuary)
  An orc zombie (Ossuary)
  12 rats
  A rat zombie (Ossuary)
285 creatures vanquished.

Vanquished Creatures (others)
  5 fungi
  6 plants
11 creatures vanquished.

Grand Total: 296 creatures vanquished

Notes
Turn   | Place    | Note
-------+----------+-------------------------------------------
     0 | D:1      | qw the Troll Cinder Acolyte began the quest for the Orb.
     0 | D:1      | Reached XP level 1. HP: 22/22 MP: 1/1
     0 | D:1      | 0 ||| qw: Version: 0.1-a-97-g2dd2ca4
     0 | D:1      | 0 ||| qw: Game counter: 4997
     0 | D:1      | 0 ||| qw: Always use a shield: true
     0 | D:1      | 0 ||| qw: God list: Okawaru
     0 | D:1      | 0 ||| qw: Allow faded altars: false
     0 | D:1      | 0 ||| qw: Do Orc after D:15 true
     0 | D:1      | 0 ||| qw: Do second Lair branch before Depths: true
     0 | D:1      | 0 ||| qw: Lair rune preference: random
     0 | D:1      | 0 ||| qw: Plans: Normal
     0 | D:1      | 0 ||| PLANNING D:1-11
   219 | D:1      | Reached XP level 2. HP: 29/29 MP: 2/2
   329 | D:1      | You fall into a shaft and drop 1 floor!
   422 | D:2      | Reached skill level 4 in Unarmed Combat
   527 | D:2      | Noticed Jessica
   528 | D:2      | 528 ||| Stepping ~*~*~tactically~*~*~ (hiding).
   537 | D:2      | Killed Jessica
   538 | D:2      | Reached XP level 3. HP: 26/36 MP: 3/3
   580 | D:2      | 580 ||| UPGRADING to +6 ring of strength.
   581 | D:2      | 581 ||| READING scroll labelled DETYFR YVUKOFE.
   582 | D:2      | 582 ||| READING scroll labelled EDOAWK GEODA.
   583 | D:2      | 583 ||| DRINKING 2 smoky pink potions.
   920 | D:1      | 920 ||| READING scroll labelled FIYSIKKANI.
   933 | D:2      | 933 ||| STAIRDANCE
  1052 | D:2      | Reached XP level 4. HP: 44/44 MP: 4/4
  1056 | D:2      | Reached skill level 5 in Unarmed Combat
  1277 | D:2      | Found a runed translucent door.
  1278 | D:2      | Noticed Crazy Yiuf
  1717 | D:2      | 1717 ||| UPGRADING to +1 hat.
  1722 | D:2      | 1722 ||| DRINKING 2 fizzy dark potions.
  1761 | D:3      | Noticed Natasha
  1761 | D:3      | Noticed a scorpion
  1762 | D:3      | 1762 ||| Stepping ~*~*~tactically~*~*~ (hiding).
  1765 | D:3      | 1765 ||| Stepping ~*~*~tactically~*~*~ (hiding).
  1776 | D:3      | 1776 ||| INVOKING Fiery Armour.
  1777 | D:3      | Killed Natasha
  1779 | D:3      | Killed a scorpion
  1780 | D:3      | Reached skill level 6 in Unarmed Combat
  1780 | D:3      | Reached XP level 5. HP: 21/50 MP: 5/5
  1976 | D:3      | Noticed Natasha
  1977 | D:3      | 1977 ||| Stepping ~*~*~tactically~*~*~ (hiding).
  1986 | D:3      | Killed Natasha
  2065 | D:3      | Found a shimmering blue altar of Sif Muna.
  2123 | D:3      | Noticed Terence
  2130 | D:3      | Killed Terence
  2236 | D:3      | Found a snail-covered altar of Cheibriados.
  2368 | D:3      | Noticed Natasha
  2369 | D:3      | 2369 ||| Stepping ~*~*~tactically~*~*~ (hiding).
  2374 | D:3      | Killed Natasha
  2644 | D:3      | Found a faded altar of an unknown god.
  2678 | D:3      | 2678 ||| READING scroll labelled UTWOPH HIYHEY.
  2679 | D:3      | 2679 ||| READING scroll labelled BEXUAFR COENG.
  2680 | D:3      | 2680 ||| DRINKING 2 murky amethyst potions.
  2681 | D:3      | 2681 ||| READING 2 scrolls of identify.
  2681 | D:3      | 2681 ||| IDENTIFYING cyan potion
  2682 | D:3      | 2682 ||| DROPPING potion of magic.
  2698 | D:4      | Found a glowing drain.
  2699 | D:4      | 2699 ||| PLANNING SEWER
  2701 | D:4      | 2701 ||| STAIRDANCE
  2713 | D:4      | Reached XP level 6. HP: 56/59 MP: 6/6
  2723 | Sewer    | Entered a sewer
  2774 | Sewer    | Reached skill level 7 in Unarmed Combat
  2811 | Sewer    | 2811 ||| READING scroll labelled FIARIAFREN.
  2839 | Sewer    | 2839 ||| READING scroll labelled COCUITZ CEIPNUCK.
  2840 | Sewer    | 2840 ||| READING scroll labelled IZY ITWIOMAMUSS.
  2841 | Sewer    | 2841 ||| DRINKING 2 inky potions.
  2842 | Sewer    | 2842 ||| DROPPING potion of brilliance.
  2843 | Sewer    | 2843 ||| Stepping randomly (stuck).
  2844 | Sewer    | 2844 ||| Stepping ~*~*~tactically~*~*~ (cloud).
  2881 | D:4      | 2881 ||| PLANNING D:1-11
  2991 | D:4      | 2991 ||| Stepping ~*~*~tactically~*~*~ (hiding).
  3002 | D:4      | Reached skill level 1 in Throwing
  3009 | D:4      | 3009 ||| FLEEEEING.
  3011 | D:4      | 3011 ||| FLEEEEING.
  3014 | D:4      | 3014 ||| FLEEEEING.
  3015 | D:4      | 3015 ||| FLEEEEING.
  3016 | D:4      | 3016 ||| FLEEEEING.
  3017 | D:4      | 3017 ||| FLEEEEING.
  3021 | D:4      | 3021 ||| FLEEEEING.
  3137 | D:4      | 3137 ||| Stepping ~*~*~tactically~*~*~ (hiding).
  3146 | D:4      | Reached skill level 8 in Unarmed Combat
  3146 | D:4      | Reached XP level 7. HP: 62/66 MP: 7/7
  3241 | D:4      | Found a bloodstained altar of Trog.
  3350 | D:4      | 3350 ||| READING scroll of enchant armour.
  3350 | D:4      | 3350 ||| ENCHANTING +1 hat.
  3378 | D:4      | 3378 ||| Stepping ~*~*~tactically~*~*~ (stealth).
  3387 | D:4      | Reached skill level 3 in Fighting
  3593 | D:4      | Found a broken altar of Ashenzari.
  3593 | D:4      | Found a radiant altar of Vehumet.
  3611 | D:4      | 3611 ||| UPGRADING to +6 ring of dexterity.
  3612 | D:4      | 3612 ||| READING scroll labelled YRUBLODD JOCVE.
  3713 | D:4      | 3713 ||| READING scroll labelled SYUZESM YTRAUB.
  3714 | D:4      | 3714 ||| READING scroll labelled YSEFUARAWO.
  3719 | D:4      | 3719 ||| DROPPING potion of invisibility.
  3729 | D:5      | Entered Level 5 of the Dungeon
  3733 | D:5      | Reached skill level 1 in Dodging
  3800 | D:5      | 3800 ||| Stepping ~*~*~tactically~*~*~ (stealth).
  3803 | D:5      | 3803 ||| Stepping ~*~*~tactically~*~*~ (stealth).
  3817 | D:5      | Noticed Pikel
  3827 | D:5      | Killed Pikel
  3828 | D:5      | Reached skill level 10 in Unarmed Combat
  3828 | D:5      | Reached XP level 8. HP: 69/75 MP: 8/8
  3978 | D:5      | 3978 ||| Stepping ~*~*~tactically~*~*~ (stealth).
  3982 | D:5      | 3982 ||| DRINKING 3 potions of curing.
  3982 | D:5      | 3982 ||| (to cure confusion)
  3985 | D:5      | 3985 ||| Stepping ~*~*~tactically~*~*~ (stealth).
  3994 | D:5      | 3994 ||| Stepping ~*~*~tactically~*~*~ (stealth).
  3999 | D:5      | 3999 ||| Stepping ~*~*~tactically~*~*~ (stealth).
  4000 | D:5      | 4000 ||| Stepping ~*~*~tactically~*~*~ (stealth).
  4001 | D:5      | 4001 ||| Stepping ~*~*~tactically~*~*~ (stealth).
  4002 | D:5      | 4002 ||| INVOKING Fiery Armour.
  4048 | D:5      | 4048 ||| Stepping ~*~*~tactically~*~*~ (hiding).
  4555 | D:5      | 4555 ||| UPGRADING to amulet of the acrobat.
  4560 | D:5      | 4560 ||| DROPPING ring of willpower.
  4561 | D:5      | 4561 ||| DRINKING 2 fizzy cyan potions.
  4562 | D:5      | 4562 ||| READING 2 scrolls of identify.
  4562 | D:5      | 4562 ||| IDENTIFYING pink potion
  4563 | D:5      | 4563 ||| DROPPING potion of lignification.
  4574 | D:6      | 4574 ||| PLANNING OSSUARY
  4581 | D:6      | 4581 ||| STAIRDANCE
  4622 | D:6      | Found a sand-covered staircase.
  4628 | Ossuary  | Entered an ossuary
  4629 | Ossuary  | 4629 ||| INVOKING Fiery Armour.
  4634 | Ossuary  | 4634 ||| Stepping ~*~*~tactically~*~*~ (outnumbered).
  4635 | Ossuary  | 4635 ||| Stepping ~*~*~tactically~*~*~ (outnumbered).
  4636 | Ossuary  | 4636 ||| Stepping ~*~*~tactically~*~*~ (outnumbered).
  4638 | Ossuary  | 4638 ||| Stepping ~*~*~tactically~*~*~ (outnumbered).
  4639 | Ossuary  | 4639 ||| Stepping ~*~*~tactically~*~*~ (outnumbered).
  4640 | Ossuary  | 4640 ||| Stepping ~*~*~tactically~*~*~ (outnumbered).
  4643 | Ossuary  | 4643 ||| Stepping ~*~*~tactically~*~*~ (outnumbered).
  4644 | Ossuary  | 4644 ||| Stepping ~*~*~tactically~*~*~ (outnumbered).
  4645 | Ossuary  | 4645 ||| Stepping ~*~*~tactically~*~*~ (outnumbered).
  4647 | Ossuary  | 4647 ||| Stepping ~*~*~tactically~*~*~ (outnumbered).
  4650 | Ossuary  | 4650 ||| Stepping ~*~*~tactically~*~*~ (outnumbered).
  4652 | Ossuary  | 4652 ||| Stepping ~*~*~tactically~*~*~ (outnumbered).
  4654 | Ossuary  | 4654 ||| Stepping ~*~*~tactically~*~*~ (outnumbered).
  4655 | Ossuary  | 4655 ||| Stepping ~*~*~tactically~*~*~ (outnumbered).
  4660 | Ossuary  | 4660 ||| Stepping ~*~*~tactically~*~*~ (outnumbered).
  4661 | Ossuary  | 4661 ||| Stepping ~*~*~tactically~*~*~ (outnumbered).
  4663 | Ossuary  | 4663 ||| Stepping ~*~*~tactically~*~*~ (outnumbered).
  4664 | Ossuary  | 4664 ||| Stepping ~*~*~tactically~*~*~ (outnumbered).
  4665 | Ossuary  | 4665 ||| Stepping ~*~*~tactically~*~*~ (outnumbered).
  4666 | Ossuary  | 4666 ||| Stepping ~*~*~tactically~*~*~ (outnumbered).
  4668 | Ossuary  | 4668 ||| Stepping ~*~*~tactically~*~*~ (outnumbered).
  4669 | Ossuary  | 4669 ||| Stepping ~*~*~tactically~*~*~ (outnumbered).
  4670 | Ossuary  | 4670 ||| Stepping ~*~*~tactically~*~*~ (outnumbered).
  4803 | Ossuary  | 4803 ||| READING 2 scrolls labelled JATENI BIECUN.
  4804 | Ossuary  | 4804 ||| DRINKING 2 blue potions.
  4805 | Ossuary  | 4805 ||| DRINKING 2 brown potions.
  4909 | Ossuary  | 4909 ||| DROPPING potion of berserk rage.
  4910 | Ossuary  | 4910 ||| DROPPING scroll of immolation.
  4925 | D:6      | 4925 ||| PLANNING D:1-11
  4987 | D:6      | 4987 ||| Stepping ~*~*~tactically~*~*~ (hiding).
  5101 | D:6      | 5101 ||| FLEEEEING.
  5102 | D:6      | 5102 ||| FLEEEEING.
  5103 | D:6      | 5103 ||| FLEEEEING.
  5104 | D:6      | 5104 ||| FLEEEEING.
  5105 | D:6      | 5105 ||| FLEEEEING.
  5106 | D:6      | 5106 ||| FLEEEEING.
  5107 | D:6      | 5107 ||| FLEEEEING.
  5108 | D:6      | 5108 ||| FLEEEEING.
  5109 | D:6      | 5109 ||| FLEEEEING.
  5110 | D:6      | 5110 ||| FLEEEEING.
  5111 | D:6      | 5111 ||| FLEEEEING.
  5112 | D:6      | 5112 ||| FLEEEEING.
  5113 | D:6      | 5113 ||| FLEEEEING.
  5114 | D:6      | 5114 ||| FLEEEEING.
  5115 | D:6      | 5115 ||| FLEEEEING.
  5116 | D:6      | 5116 ||| FLEEEEING.
  5117 | D:6      | 5117 ||| FLEEEEING.
  5118 | D:6      | 5118 ||| FLEEEEING.
  5119 | D:6      | 5119 ||| FLEEEEING.
  5120 | D:6      | 5120 ||| FLEEEEING.
  5121 | D:6      | 5121 ||| FLEEEEING.
  5122 | D:6      | 5122 ||| FLEEEEING.
  5125 | D:6      | Reached XP level 9. HP: 78/84 MP: 9/9
  5247 | D:6      | 5247 ||| Stepping ~*~*~tactically~*~*~ (outnumbered).
  5248 | D:6      | 5248 ||| Stepping ~*~*~tactically~*~*~ (outnumbered).
  5251 | D:6      | Reached skill level 11 in Unarmed Combat
  5431 | D:6      | 5431 ||| Stepping ~*~*~tactically~*~*~ (stealth).
  5477 | D:6      | Reached skill level 3 in Throwing
  5576 | D:6      | 5576 ||| DRINKING 2 smoky cyan potions.
  5577 | D:6      | 5577 ||| READING 2 scrolls of identify.
  5577 | D:6      | 5577 ||| IDENTIFYING bubbling emerald potion
  5578 | D:6      | 5578 ||| DROPPING potion of attraction.
  5687 | D:7      | Found a hide-covered altar of Uskayaw.
  5745 | D:7      | Found Apiaro's Antique Armour Shoppe.
  5836 | D:7      | Found a basalt altar of Yredelemnul.
  5843 | D:7      | 5843 ||| Stepping ~*~*~tactically~*~*~ (outnumbered).
  5921 | D:7      | Found an opulent altar of Gozag.
  5931 | D:7      | Found a blossoming altar of Fedhas.
  6025 | D:7      | Found a staircase to the Ecumenical Temple.
  6214 | D:7      | Noticed Maggie
  6221 | D:7      | Killed Maggie
  6222 | D:7      | Reached skill level 12 in Unarmed Combat
  6347 | D:7      | 6347 ||| UPGRADING to +0 steam dragon scales.
  6357 | D:7      | 6357 ||| DROPPING +0 robe.
  6358 | D:7      | 6358 ||| READING 2 scrolls of identify.
  6358 | D:7      | 6358 ||| IDENTIFYING viscous orange potion
  6359 | D:7      | 6359 ||| DROPPING potion of flight.
  6422 | D:8      | Noticed Prince Ribbit
  6425 | D:8      | 6425 ||| STAIRDANCE
  6430 | D:7      | Killed Prince Ribbit
  6439 | D:8      | 6439 ||| STAIRDANCE
  6459 | D:8      | 6459 ||| STAIRDANCE
  6502 | D:8      | 6502 ||| Stepping ~*~*~tactically~*~*~ (hiding).
  6503 | D:8      | 6503 ||| Stepping ~*~*~tactically~*~*~ (hiding).
  6723 | D:8      | Identified the +0 robe of the Raven {Rampage rC+ MP-9}
  6873 | D:8      | 6873 ||| Stepping ~*~*~tactically~*~*~ (hiding).
  6884 | D:8      | 6884 ||| Stepping ~*~*~tactically~*~*~ (outnumbered).
  6905 | D:8      | Noticed a komodo dragon
  6910 | D:8      | Killed a komodo dragon
  6911 | D:8      | Reached XP level 10. HP: 85/96 MP: 10/10
  6951 | D:8      | Reached skill level 13 in Unarmed Combat
  6979 | D:8      | 6979 ||| DRINKING 3 potions of resistance.
  6981 | D:8      | 6981 ||| INVOKING Fiery Armour.
  6987 | D:8      | 6987 ||| Stepping ~*~*~tactically~*~*~ (outnumbered).
  6989 | D:8      | 6989 ||| Stepping ~*~*~tactically~*~*~ (outnumbered).
  6990 | D:8      | 6990 ||| Stepping ~*~*~tactically~*~*~ (outnumbered).
  6991 | D:8      | 6991 ||| Stepping ~*~*~tactically~*~*~ (stealth).
  6992 | D:8      | 6992 ||| Stepping ~*~*~tactically~*~*~ (stealth).
  6995 | D:8      | Reached skill level 3 in Dodging
  7087 | D:8      | Found a staircase to the Lair.
  7394 | D:8      | 7394 ||| PLANNING LAIR
  7394 | D:8      | 7394 ||| DROPPING +0 robe of the Raven {Rampage rC+ MP-9}.
  7395 | D:8      | 7395 ||| READING 2 scrolls of identify.
  7395 | D:8      | 7395 ||| IDENTIFYING bubbling dark potion
  7396 | D:8      | 7396 ||| DROPPING potion of ambrosia.
  7490 | Lair:1   | Entered Level 1 of the Lair of Beasts
  7513 | Lair:1   | Noticed a black mamba
  7522 | Lair:1   | Killed a black mamba
  7523 | Lair:1   | Reached skill level 14 in Unarmed Combat
  7588 | Lair:1   | Noticed a cane toad
  7594 | Lair:1   | Killed a cane toad
  7682 | Lair:1   | Noticed Joseph
  7683 | Lair:1   | 7683 ||| Stepping ~*~*~tactically~*~*~ (hiding).
  7689 | Lair:1   | Killed Joseph
  7690 | Lair:1   | Reached skill level 6 in Fighting
  8070 | Lair:1   | 8070 ||| Stepping ~*~*~tactically~*~*~ (outnumbered).
  8071 | Lair:1   | 8071 ||| Stepping ~*~*~tactically~*~*~ (outnumbered).
  8075 | Lair:1   | 8075 ||| Stepping ~*~*~tactically~*~*~ (outnumbered).
  8076 | Lair:1   | 8076 ||| Stepping ~*~*~tactically~*~*~ (outnumbered).
  8079 | Lair:1   | Reached XP level 11. HP: 82/105 MP: 11/11
  8487 | Lair:1   | 8487 ||| READING scroll labelled AMUSIA EHEFU.
  8552 | Lair:2   | 8552 ||| Stepping ~*~*~tactically~*~*~ (outnumbered).
  8553 | Lair:2   | 8553 ||| Stepping ~*~*~tactically~*~*~ (outnumbered).
  8554 | Lair:2   | 8554 ||| Stepping ~*~*~tactically~*~*~ (outnumbered).
  8555 | Lair:2   | 8555 ||| Stepping ~*~*~tactically~*~*~ (outnumbered).
  8556 | Lair:2   | 8556 ||| Stepping ~*~*~tactically~*~*~ (outnumbered).
  8557 | Lair:2   | 8557 ||| Stepping ~*~*~tactically~*~*~ (outnumbered).
  8558 | Lair:2   | 8558 ||| Stepping ~*~*~tactically~*~*~ (outnumbered).
  8563 | Lair:2   | 8563 ||| INVOKING Fiery Armour.
  8564 | Lair:2   | 8564 ||| Stepping ~*~*~tactically~*~*~ (outnumbered).
  8565 | Lair:2   | 8565 ||| Stepping ~*~*~tactically~*~*~ (outnumbered).
  8572 | Lair:2   | 8572 ||| Stepping ~*~*~tactically~*~*~ (outnumbered).
  8573 | Lair:2   | 8573 ||| Stepping ~*~*~tactically~*~*~ (outnumbered).
  8577 | Lair:2   | Reached skill level 15 in Unarmed Combat
  8578 | Lair:2   | 8578 ||| Stepping ~*~*~tactically~*~*~ (outnumbered).
  8580 | Lair:2   | 8580 ||| Stepping ~*~*~tactically~*~*~ (outnumbered).
  8581 | Lair:2   | 8581 ||| Stepping ~*~*~tactically~*~*~ (outnumbered).
  8582 | Lair:2   | 8582 ||| Stepping ~*~*~tactically~*~*~ (outnumbered).
  8583 | Lair:2   | 8583 ||| Stepping ~*~*~tactically~*~*~ (outnumbered).
  8594 | Lair:2   | HP: 22/105 [yak (13)]
  8622 | Lair:2   | 8622 ||| FLEEEEING.
  8628 | Lair:2   | 8628 ||| STAIRDANCE
  8751 | Lair:2   | Noticed a four-headed hydra
  8752 | Lair:2   | 8752 ||| INVOKING Fiery Armour.
  8757 | Lair:2   | Killed a five-headed hydra
  8922 | Lair:2   | Noticed a four-headed hydra
  8923 | Lair:2   | 8923 ||| INVOKING Fiery Armour.
  8928 | Lair:2   | Killed a five-headed hydra
  9017 | Lair:2   | 9017 ||| Stepping ~*~*~tactically~*~*~ (stealth).
  9081 | Lair:2   | Reached skill level 16 in Unarmed Combat
  9164 | Lair:2   | Noticed a five-headed hydra
  9165 | Lair:2   | 9165 ||| INVOKING Fiery Armour.
  9167 | Lair:2   | Noticed a four-headed hydra
  9170 | Lair:2   | Killed a seven-headed hydra
  9187 | Lair:2   | Killed a five-headed hydra
  9537 | Lair:3   | 9537 ||| Stepping ~*~*~tactically~*~*~ (stealth).
  9651 | Lair:3   | Found a hole to the Spider Nest.
  9755 | Lair:3   | 9755 ||| Stepping ~*~*~tactically~*~*~ (stealth).
  9759 | Lair:3   | 9759 ||| Stepping ~*~*~tactically~*~*~ (stealth).
  9761 | Lair:3   | 9761 ||| Stepping ~*~*~tactically~*~*~ (stealth).
  9771 | Lair:3   | 9771 ||| Stepping ~*~*~tactically~*~*~ (outnumbered).
  9772 | Lair:3   | 9772 ||| Stepping ~*~*~tactically~*~*~ (outnumbered).
  9773 | Lair:3   | 9773 ||| Stepping ~*~*~tactically~*~*~ (outnumbered).
  9774 | Lair:3   | 9774 ||| Stepping ~*~*~tactically~*~*~ (outnumbered).
  9775 | Lair:3   | 9775 ||| Stepping ~*~*~tactically~*~*~ (outnumbered).
  9776 | Lair:3   | 9776 ||| Stepping ~*~*~tactically~*~*~ (outnumbered).
  9777 | Lair:3   | 9777 ||| Stepping ~*~*~tactically~*~*~ (outnumbered).
  9778 | Lair:3   | 9778 ||| Stepping ~*~*~tactically~*~*~ (outnumbered).
  9779 | Lair:3   | 9779 ||| Stepping ~*~*~tactically~*~*~ (outnumbered).
  9780 | Lair:3   | 9780 ||| Stepping ~*~*~tactically~*~*~ (outnumbered).
  9781 | Lair:3   | 9781 ||| Stepping ~*~*~tactically~*~*~ (outnumbered).
  9782 | Lair:3   | 9782 ||| Stepping ~*~*~tactically~*~*~ (outnumbered).
  9783 | Lair:3   | 9783 ||| Stepping ~*~*~tactically~*~*~ (outnumbered).
  9784 | Lair:3   | 9784 ||| Stepping ~*~*~tactically~*~*~ (outnumbered).
  9794 | Lair:3   | 9794 ||| INVOKING Fiery Armour.
  9795 | Lair:3   | HP: 13/109 [komodo dragon (17)]
  9796 | Lair:3   | 9796 ||| READING 4 scrolls of teleportation.
  9797 | Lair:3   | 9797 ||| DRINKING 2 potions of heal wounds.
  9798 | Lair:3   | 9798 ||| DRINKING potion of heal wounds.
  9800 | Lair:3   | Reached XP level 12. HP: 53/118 MP: 12/12
  9935 | Lair:3   | You fall into a shaft and drop 2 floors!
  9935 | Lair:5   | Entered Level 5 of the Lair of Beasts
 10067 | Lair:5   | 10067 ||| DROPPING amulet of magic regeneration.
 10069 | Lair:5   | 10069 ||| READING 3 scrolls of identify.
 10069 | Lair:5   | 10069 ||| IDENTIFYING smoky green potion
 10070 | Lair:5   | 10070 ||| DROPPING potion of degeneration.
 10086 | Lair:4   | Reached skill level 17 in Unarmed Combat
 10137 | Lair:4   | 10137 ||| DROPPING scarf of harm.
 10265 | Lair:3   | Noticed Snorg
 10266 | Lair:3   | 10266 ||| INVOKING Fiery Armour.
 10269 | Lair:3   | Killed Snorg
 10331 | Lair:3   | Found a staircase to the Shoals.
 10332 | Lair:3   | 10332 ||| Stepping ~*~*~tactically~*~*~ (hiding).
 10349 | Lair:3   | 10349 ||| Stepping ~*~*~tactically~*~*~ (hiding).
 10350 | Lair:3   | 10350 ||| Stepping ~*~*~tactically~*~*~ (hiding).
 10817 | Lair:3   | 10817 ||| READING scroll labelled SEIFOSM ABIATO.
 10950 | Lair:4   | 10950 ||| Stepping ~*~*~tactically~*~*~ (outnumbered).
 10951 | Lair:4   | 10951 ||| Stepping ~*~*~tactically~*~*~ (outnumbered).
 10952 | Lair:4   | 10952 ||| Stepping ~*~*~tactically~*~*~ (outnumbered).
 10953 | Lair:4   | 10953 ||| Stepping ~*~*~tactically~*~*~ (outnumbered).
 10954 | Lair:4   | 10954 ||| Stepping ~*~*~tactically~*~*~ (outnumbered).
 10959 | Lair:4   | 10959 ||| Stepping ~*~*~tactically~*~*~ (outnumbered).
 10960 | Lair:4   | 10960 ||| Stepping ~*~*~tactically~*~*~ (outnumbered).
 10961 | Lair:4   | 10961 ||| Stepping ~*~*~tactically~*~*~ (outnumbered).
 10962 | Lair:4   | 10962 ||| Stepping ~*~*~tactically~*~*~ (outnumbered).
 10963 | Lair:4   | 10963 ||| Stepping ~*~*~tactically~*~*~ (outnumbered).
 10964 | Lair:4   | 10964 ||| STAIRDANCE
 10971 | Lair:4   | 10971 ||| STAIRDANCE
 11020 | Lair:4   | Reached skill level 18 in Unarmed Combat
 11086 | Lair:4   | Noticed a boulder beetle
 11087 | Lair:4   | 11087 ||| INVOKING Fiery Armour.
 11104 | Lair:4   | Killed a boulder beetle
 11211 | Lair:4   | 11211 ||| Stepping ~*~*~tactically~*~*~ (stealth).
 11311 | Lair:4   | 11311 ||| Stepping ~*~*~tactically~*~*~ (stealth).
 11312 | Lair:4   | 11312 ||| Stepping ~*~*~tactically~*~*~ (stealth).
 11317 | Lair:4   | 11317 ||| Stepping ~*~*~tactically~*~*~ (stealth).
 11318 | Lair:4   | Found a viscous altar of Jiyva.
 11318 | Lair:4   | Found a staircase to the Slime Pits.
 11500 | Lair:4   | 11500 ||| INVOKING Fiery Armour.
 11503 | Lair:4   | 11503 ||| Stepping ~*~*~tactically~*~*~ (outnumbered).
 11665 | Lair:4   | 11665 ||| READING scroll labelled WIUMPY ESUSIN.
 11727 | Lair:5   | Noticed a death yak
 11728 | Lair:5   | 11728 ||| INVOKING Fiery Armour.
 11729 | Lair:5   | Noticed a death yak
 11729 | Lair:5   | Noticed a death yak
 11729 | Lair:5   | Noticed qw's ghost (journeyman TrCA)
 11731 | Lair:5   | Noticed a death yak
 11733 | Lair:5   | Noticed a death yak
 11734 | Lair:5   | Killed a death yak
 11735 | Lair:5   | 11735 ||| FLEEEEING.
 11736 | Lair:5   | 11736 ||| FLEEEEING.
 11737 | Lair:5   | 11737 ||| FLEEEEING.
 11738 | Lair:5   | 11738 ||| FLEEEEING.
 11739 | Lair:5   | 11739 ||| FLEEEEING.
 11740 | Lair:5   | 11740 ||| STAIRDANCE
 11742 | Lair:4   | 11742 ||| PLANNING TEMPLE
 11916 | Temple   | Entered the Ecumenical Temple
 12001 | Temple   | 12001 ||| PLANNING LAIR
 12311 | Lair:5   | Found a stormy altar of Qazlal.
 12318 | Lair:5   | Noticed a five-headed hydra
 12319 | Lair:5   | 12319 ||| READING 4 scrolls of teleportation.
 12322 | Lair:5   | 12322 ||| FLEEEEING.
 12323 | Lair:5   | 12323 ||| FLEEEEING.
 12334 | Lair:5   | 12334 ||| DRINKING potion of cancellation.
 12335 | Lair:5   | HP: 29/119 [blink frog (6)]
 12336 | Lair:5   | 12336 ||| READING 3 scrolls of teleportation.
 12337 | Lair:5   | 12337 ||| DRINKING potion of heal wounds.
 12337 | Lair:5   | HP: 11/119 [small abomination (13)]
 12337 | Lair:5   | HP: 4/119 [small abomination (7)]
 12337 | Lair:5   | Slain by a basilisk

Levels and vault maps discovered:
D:1:      nzn_arrival_depleted_hourglass, layout_loops_ring,
          hangedman_abyss_or_decor_lesser_grid
D:2:      layout_basic, uniq_crazy_yiuf_cottage, uniq_jessica
D:3:      minmay_angry_zag, layout_basic, lemuel_tele_altar,
          mainiacjoe_overflow_six_doors_small, chequers_ecumenical_altar_simple,
          minmay_fountain_box, uniq_natasha, uniq_terence
D:4:      layout_loops_ring, lemuel_doored_altar,
          gammafunk_temple_overflow_wave, portal_sewer_entry_a
D:5:      layout_loops_ring, serial_park_tiny_1, grunt_decor_junction,
          uniq_pikel
D:6:      layout_basic, nicolae_ossuary_entry_plus
D:7:      layout_basic, eat_drink_and_be_merry_uskayaw,
          mainiacjoe_overflow_concentric_impassable,
          mainiacjoe_overflow_large_starburst, minmay_temple_entry_mist,
          serial_shops, shop, uniq_maggie
D:8:      layout_loops_ring, erik_lair_dragon, uniq_prince_ribbit1
Temple:   pf_slimified_temple
Lair:1:   layout_cave_pods, grunt_megastairs_2, uniq_joseph
Lair:2:   layout_regular_city, infiniplex_staircase_pool
Lair:3:   layout_chaotic_city, elwin_shoals_entry_stream, spider_nest_entry_a,
          hibernation_bobbens, uniq_snorg
Lair:4:   layout_small_grid, minmay_slime_entry_pillars,
          nicolae_quartered_pool_medium, dreamdust_deal_with_the_devil,
          columned_hall_lemuel, minmay_lair_drake_nest
Lair:5:   hellmonk_lair_end_abyssal_woods, layout_gridlike,
          gammafunk_ghost_wrathful_warriors, basic_altar

Skill      XL: |  1  2  3  4  5  6  7  8  9 10 11 12 |
---------------+-------------------------------------+-----
Unarmed Combat | 4 6 8 10 12 14 16 18 | 18.5
Throwing       | 1 2 3 4 |  4.0
Fighting       | 3 4 5 6 7 8 |  8.0
Dodging        | 1 2 3 4 |  4.1
Armour         | 2 |  2.0
Spellcasting   | |  1.0
Fire Magic     | |  2.1

Action                   |  1- 3 |  4- 6 |  7- 9 | 10-12 || total
-------------------------+-------+-------+-------+-------++-------
Melee: Unarmed           |    62 |    96 |   187 |   310 ||   655
       Punch             |     1 |     1 |     7 |    29 ||    38
Throw: Javelin           |       |     9 |    61 |    50 ||   120
       Boomerang         |       |       |       |   103 ||   103
Invok: Fiery Armour      |       |     1 |     2 |    10 ||    13
  Use: Scroll            |     3 |     6 |     8 |     8 ||    25
       Potion            |     1 |     3 |     5 |     5 ||    14
 Stab: Sleeping          |       |       |     1 |       ||     1
Armor: Robe              |    19 |    13 |    36 |       ||    68
       Steam dragon scal |       |       |     5 |    78 ||    83
Dodge: Dodged            |    15 |    25 |    64 |   144 ||   248

Table legend:
 A = Non-vault XP
 B = Vault XP
 C = Vault XP percentage of total XP
 D = Non-vault monster count
 E = Vault monster count
 F = Vault count percentage of total count
                 A         B        C        D         E       F
            +---------+---------+-------+---------+---------+-------
      Total |   26850 |   10554 |  28.2 |     220 |      63 |  22.3
            +---------+---------+-------+---------+---------+-------
        D:1 |      26 |       0 |   0.0 |      17 |       0 |   0.0
        D:2 |      52 |      37 |  41.6 |      21 |       1 |   4.5
        D:3 |     171 |      86 |  33.5 |      10 |       7 |  41.2
        D:4 |     592 |      13 |   2.1 |      17 |       1 |   5.6
        D:5 |     667 |     663 |  49.8 |      19 |       1 |   5.0
        D:6 |    1089 |       0 |   0.0 |      22 |       0 |   0.0
        D:7 |     662 |     707 |  51.6 |      11 |       2 |  15.4
        D:8 |    1502 |    1785 |  54.3 |      18 |       7 |  28.0
     Lair:1 |    2126 |     861 |  28.8 |      13 |       2 |  13.3
     Lair:2 |    7687 |       0 |   0.0 |      24 |       0 |   0.0
     Lair:3 |    4980 |    2626 |  34.5 |      20 |       6 |  23.1
     Lair:4 |    5361 |    2618 |  32.8 |      23 |       8 |  25.8
     Lair:5 |    1935 |     903 |  31.8 |       5 |       4 |  44.4
      Sewer |       0 |      79 | 100.0 |       0 |       8 | 100.0
    Ossuary |       0 |     176 | 100.0 |       0 |      16 | 100.0
            +---------+---------+-------+---------+---------+-------
